 Dungeon Crawl Stone Soup version 0.16.0-16-g311141a (console) character file.

145968 siepu the Swashbuckler (level 18, -1/110 HPs)
             Began as a Kobold Skald on Mar 19, 2015.
             Was the Champion of Dithmenos.
             Blown up by an orb spider (37 damage)
             ... with an orb of destruction
             ... on level 5 of the Spider Nest.
             The game lasted 02:14:00 (40970 turns).

siepu the Swashbuckler (Kobold Skald)              Turns: 40970, Time: 02:14:01

Health: -1/110     AC: 11    Str: 10    XL:     18   Next: 5%
Magic:  37/37      EV: 25    Int: 13    God:    Dithmenos [******]
Gold:   3264       SH:  0    Dex: 25    Spells: 7 memorised, 21 levels left

rFire  . . .     SeeInvis +     a - +10 dagger {freeze, Dex+4 SInv}
rCold  . . .     Clarity  .     y - +2 robe {MR+}
rNeg   . . .     SustAb   .     (no shield)
rPois  +         Gourm    .     k - +1 helmet {aux}
rElec  .         Spirit   .     X - +2 cloak {aux}
rCorr  .         Warding  .     E - +0 pair of gloves {aux}
rMut   .         Stasis   .     G - +0 pair of boots {aux}
MR     ++...                    O - amulet of rage
Stlth  ++++++++++               Z - ring of poison resistance
                                i - ring of stealth

@: very slightly contaminated, wreathed by umbra, very resistant to hostile
enchantments, uncannily stealthy
A: carnivore 3
a: Shadow Step, Shadow Form, Renounce Religion, Evoke Berserk Rage


You were on level 5 of the Spider Nest.
You worshipped Dithmenos.
Dithmenos was exalted by your worship.
You were not hungry.

You visited 5 branches of the dungeon, and saw 29 of its levels.
You also visited: Ice Cave and Volcano.

You collected 4134 gold pieces.
You spent 870 gold pieces at shops.


Innate Abilities, Weirdness & Mutations

You are small and have problems with some larger weapons.
You are carnivorous and can eat meat at any time.


   Skills:
 + Level 11.3 Fighting
 - Level 15.0 Short Blades
 - Level 12.0 Crossbows
 - Level 0.7 Armour
 - Level 9.1 Dodging
 - Level 9.0 Stealth
 + Level 12.5 Spellcasting
 - Level 5.0 Hexes
 + Level 12.0 Charms
 - Level 5.0 Necromancy
 - Level 5.0 Air Magic
 - Level 7.0 Invocations
 - Level 8.1 Evocations


You had 21 spell levels left.
You knew the following spells:

 Your Spells              Type           Power        Failure   Level  Hunger
a - Infusion              Chrm           #####.       1%          1    None
b - Song of Slaying       Chrm           #####...     1%          2    None
c - Regeneration          Chrm/Necr      ####......   1%          3    None
d - Flight                Chrm/Air       ####......   1%          3    None
e - Tukima's Dance        Hex            ###.....     3%          3    None
f - Spectral Weapon       Hex/Chrm       ####....     1%          3    None
C - Haste                 Chrm           #####...     12%         6    ######.

Inventory:

Hand weapons
 a - the +10 dagger of Patterns (weapon) {freeze, Dex+4 SInv}
   (You found it on level 3 of the Lair of Beasts)

   It has been specially enchanted to freeze those struck by it, causing extra
   injury to most foes and up to half again as much damage against particularly
   susceptible opponents.
   It can also slow down cold-blooded creatures.
   It affects your dexterity (+4).
   It enhances your eyesight.
 b - a +6 triple crossbow of velocity
   (You found it on level 8 of the Dungeon)
 v - the +4 dagger "Morg" {pain, MR+ Int+5}
   (You found it on level 4 of the Lair of Beasts)

   In the hands of one skilled in necromantic magic, it inflicts extra damage on
   living creatures.
   It affects your intelligence (+5).
   It affects your resistance to hostile enchantments.
 W - a +0 blowgun
Missiles
 e - 10 silver bolts
 g - 12 steel bolts
 C - 12 bolts of frost
 T - 4 throwing nets {=f}
 Y - 110 bolts
Armour
 k - a +1 helmet (worn) {aux}
 t - a +0 shield of reflection
   (You took it off Donald on level 2 of the Spider Nest)
 y - a +2 robe of magic resistance (worn)
   (You found it on level 4 of the Dungeon)
 E - a +0 pair of gloves (worn) {aux}
 G - a +0 pair of boots (worn) {aux}
 J - a +2 leather armour of fire resistance
   (You took it off an orc on level 6 of the Dungeon)
 X - a +2 cloak (worn) {aux}
Jewellery
 i - a ring of stealth (left hand)
   (You found it on level 8 of the Lair of Beasts)
 j - an uncursed amulet of regeneration
   (You found it on level 1 of the Spider Nest)
 o - an uncursed amulet of guardian spirit
   (You found it on level 2 of the Spider Nest)
 p - an uncursed ring of teleport control
   (You took it off a crimson imp on level 9 of the Dungeon)
 r - an uncursed ring of protection from cold
   (You found it on level 3 of the Spider Nest)
 F - an uncursed ring of protection from magic
   (You found it on level 6 of the Dungeon)
 O - an amulet of rage (around neck)
   (You found it on level 6 of the Lair of Beasts)
 P - an uncursed amulet of resist mutation
   (You found it on level 11 of the Dungeon)
 U - an uncursed ring of see invisible
   (You found it on level 9 of the Dungeon)
 Z - a ring of poison resistance (right hand)
   (You bought it in a shop on level 5 of the Dungeon)
Magical devices
 f - a wand of lightning (9) {!v}
 z - a wand of confusion (25) {!v}
 D - a wand of disintegration (14) {!v}
 L - a wand of paralysis (3) {!v}
 Q - a wand of cold (13) {!v}
 V - a wand of digging (8) {!v}
Scrolls
 n - 8 scrolls of remove curse {!r}
 u - a scroll of fog {!r}
 w - a scroll of magic mapping {!r}
 A - a scroll of identify {!r}
 B - 4 scrolls of fear {!r}
 H - a scroll of recharging {!r}
 S - 7 scrolls of teleportation {!r}
Potions
 c - a potion of cancellation {!q}
 h - 4 potions of might {!q}
 l - 2 potions of agility {!q}
 m - 5 potions of haste {!q}
 q - 4 potions of resistance {!q}
 s - 3 potions of restore abilities {!q}
 x - 2 potions of curing {!q}
 I - 2 potions of magic {!q}
 K - a potion of invisibility {!q}
 N - a potion of heal wounds {!q}
 R - 2 potions of lignification {!q}
Comestibles
 d - 15 meat rations {!e}


Message History

You shoot a bolt. The bolt closely misses the orb spider.
A trapdoor spider leaps out from its hiding place under the floor!
The orb spider pulsates with a strange energy.
The trapdoor spider splashes around in the water.
A redback comes into view.
Firing (i - inventory. (,) - cycle):
Y - 114 bolts (quivered)
Press: ? - help, Shift-Dir - straight line, f/p - orb spider
Aim: an orb spider (umbra)
You shoot a bolt. The bolt hits the orb spider!
The orb spider is moderately wounded.
The trapdoor spider barely misses you.
The trapdoor spider bites you but does no damage.
The orb spider weaves a glowing orb of energy.
The trapdoor spider splashes around in the water.
It glows with a cold blue light!
a - the +10 dagger of Patterns (weapon)
{freeze, Dex+4 SInv} The redback barely misses you.
The trapdoor spider closely misses you.
The trapdoor spider completely misses you.
The redback misses you. The trapdoor spider bites you! The redback misses you.
You hit the redback. You freeze the redback.
The redback is moderately wounded.
The trapdoor spider misses you. The redback completely misses you.
You barely miss the redback.
The redback is lightly wounded.
The orb of destruction hits a stone wall.
The trapdoor spider misses you. The redback misses you.
You barely miss the redback.
The redback is lightly wounded.
The trapdoor spider closely misses you. The redback bites you!
You puncture the redback! You freeze the redback!
The redback is almost dead.
Your skin is crawling a little less now.
You barely miss the redback.
The redback is almost dead.
The trapdoor spider completely misses you.
The redback completely misses you.
You hit the redback but do no damage.
The redback is almost dead.
The trapdoor spider closely misses you. The redback barely misses you.
You puncture the redback!! You freeze the redback.
You kill the redback!
Dithmenos accepts your kill.
The orb spider spins a strand of pure energy.
The trapdoor spider misses you.
You barely miss the trapdoor spider. You hit the trapdoor spider!
You freeze the trapdoor spider.
The trapdoor spider is moderately wounded.
The trapdoor spider completely misses you.
You puncture the trapdoor spider!! You freeze the trapdoor spider!
You kill the trapdoor spider!
Dithmenos accepts your kill.
The +10 dagger of Patterns {freeze, Dex+4 SInv} stops glowing.
b - a +6 triple crossbow of velocity (weapon)
Firing (i - inventory. (,) - cycle):
Y - 113 bolts (quivered)
Press: ? - help, Shift-Dir - straight line, f/p - orb spider
Aim: an orb spider (water, moderately wounded, clinging, umbra)
You shoot a bolt. The jumping spider hisses angrily.
The bolt hits the orb spider but does no damage.
The orb spider is moderately wounded.
You hear a splash.
Your skin stops crawling.
The orb spider weaves a glowing orb of energy.
Firing (i - inventory. (,) - cycle):
Y - 112 bolts (quivered)
Press: ? - help, Shift-Dir - straight line, f/p - orb spider
Aim: an orb spider (water, moderately wounded, clinging, umbra)
You shoot a bolt. The bolt hits the orb spider!
The orb spider is heavily wounded.
You hear a splash.
The orb spider pulsates with a strange energy.
The orb of destruction hits you!
You emit a cloud of dark smoke.
The orb spider weaves a glowing orb of energy.
The jumping spider leaps!
Firing (i - inventory. (,) - cycle):
Y - 111 bolts (quivered)
Press: ? - help, Shift-Dir - straight line, f/p - orb spider
Aim: an orb spider (heavily wounded, clinging, umbra)
You shoot a bolt. The bolt closely misses the orb spider.
The jumping spider leaps! x2
Firing (i - inventory. (,) - cycle):
Y - 110 bolts (quivered)
Press: ? - help, Shift-Dir - straight line, f/p - orb spider
Aim: an orb spider (magical condensation, water, heavily wounded, clinging, umbra)
Okay, then.
The jumping spider barely misses you. The jumping spider closely misses you.
The orb of destruction hits you!
* * * LOW HITPOINT WARNING * * *
The orb spider pulsates with a strange energy.
The jumping spider closely misses you.
The jumping spider bites you but does no damage.
The jumping spider misses you.
The jumping spider bites you but does no damage.
The jumping spider leaps!
The jumping spider leaps!
The orb spider weaves a glowing orb of energy.
It glows with a cold blue light!
a - the +10 dagger of Patterns (weapon)
{freeze, Dex+4 SInv} The jumping spider leaps!
The orb spider begins to weave its threads into a brightly glowing ball.
The orb of destruction hits you!
You die...

#s...§..## #.§..^§.#
#......## #.#§#.≈#
####..§..##
##.#...§..### #
##..#....§.#.## #
####†..#.^..§.#.†### #
#.....^#≈.s.@≈#....#####
##
#.....≈#.....≈#.......^#
# .#
#......#......#......^.#
# .#
#≈^....#^.....#≈^.....##
#### .##
##....^...............#
##..# ..#
#≈.....≈.....^^......#
#...# ..#
##≈...≈#...s.^#.....≈#
#...# ..##
#^....#^.....#≈.....#
#...# ..^#
#.....#..^.).#......#
##..#


You could see an orb spider (wandering) and a jumping spider.

Vanquished Creatures
  Agnes (Spider:1)
  Donald (Spider:2)
  Maud (Lair:6)
  A ghost moth (Spider:2)
  A frost giant (IceCv)
  3 emperor scorpions
  A dire elephant (Lair:8)
  Harold (Lair:7)
  The ghost of McCoppin the Fighter, a powerful OpAs of Okawaru (D:10)
  Nessos (Orc:4)
  5 hydras
  6 orc high priests
  Urug (Orc:4)
  A hell beast (Lair:8)
  2 fire crabs (Lair:6)
  A wizard (Lair:8)
  An ice statue (IceCv)
  Pikel (D:8)
  3 hill giants (D:10)
  19 orb spiders
  2 griffons (Lair:8)
  28 wolf spiders
  5 hornets (Spider:5)
  11 orc knights
  An ugly thing (D:11)
  2 moths of wrath
  3 orc sorcerers
  7 elephants
  6 black mambas
  4 centaur zombies
  9 spiny frogs
  4 torpor snails
  3 orange demons (Lair:8)
  A queen ant (Lair:1)
  A gargoyle (D:10)
  3 fire drakes (Lair:8)
  10 komodo dragons
  17 demonic crawlers
  A yaktaur (Volcano)
  3 blue devils (Lair:8)
  28 jumping spiders
  A hellwing (Lair:8)
  24 polar bears
  5 trolls
  30 blink frogs
  2 boulder beetles
  A spriggan (D:9)
  50 redbacks
  19 trapdoor spiders
  18 tarantellas
  33 yaks
  4 basilisks
  A hungry ghost (D:10)
  16 wolves
  2 steam dragons
  8 hippogriffs
  15 soldier ants
  2 insubstantial wisps (D:9)
  A warg (Orc:2)
  14 porcupines
  8 water moccasins
  A slave (D:8)
  2 orc zombies (Orc:2)
  37 orc warriors
  A wasp (Spider:4)
  3 black bears
  37 spiders
  2 ice beasts (D:10)
  An eye of draining (D:9)
  8 sky beasts
  10 ogres
  7 centaurs
  4 boring beetles
  8 big kobolds
  13 crocodiles
  Blork the orc (D:7)
  18 giant frogs
  A gnoll sergeant (D:7)
  7 scorpions
  11 killer bees
  An electric eel (Spider:1)
  7 crimson imps
  41 orc priests
  A giant frog zombie (D:3)
  3 goliath beetles
  4 jellies
  3 centaur skeletons
  12 hounds
  31 orc wizards
  A quasit (D:11)
  4 iguanas
  4 hell rats (Lair:7)
  41 worker ants
  23 sheep
  2 hound skeletons
  Robin (D:1)
  8 gnolls
  42 river rats
  22 adders
  A giant mite (D:3)
  A worm (D:2)
  A shadow imp (D:5)
  4 adder skeletons
  2 adder zombies
  6 giant geckos
  4 oozes
  214 orcs
  2 bat zombies (D:8)
  9 giant cockroaches
  28 hobgoblins
  12 jackals
  9 quokkas
  2 ball pythons
  16 bats
  3 giant newts
  2 giant spores
  35 goblins
  35 kobolds
  21 rats
  A rat zombie (D:8)
  2 ballistomycetes (D:8)
1288 creatures vanquished.

Vanquished Creatures (others)
  The ghost of Sorcv the Covert, an experienced KoEn of Ashenzari (D:5)
  2 orc priests (D:5)
  An orc wizard (D:5)
  2 orcs (D:5)
  8 butterflies (Orc:4)
  4 fungi
  3 plants
21 creatures vanquished.

Grand Total: 1309 creatures vanquished

Notes
Turn   | Place    | Note
--------------------------------------------------------------
     0 | D:1      | siepu, the Kobold Skald, began the quest for the Orb.
     0 | D:1      | Reached XP level 1. HP: 12/12 MP: 3/3
    37 | D:1      | Reached skill level 3 in Short Blades
   225 | D:1      | Reached XP level 2. HP: 17/17 MP: 4/4
   341 | D:1      | Reached skill level 4 in Short Blades
   408 | D:1      | Reached XP level 3. HP: 21/21 MP: 6/6
   547 | D:1      | Reached skill level 5 in Short Blades
   664 | D:2      | Noticed Robin
   725 | D:1      | Learned a level 2 spell: Song of Slaying
   729 | D:1      | Learned a level 3 spell: Regeneration
   739 | D:1      | Killed Robin
   739 | D:1      | Reached XP level 4. HP: 22/26 MP: 7/7
   911 | D:2      | Found a blossoming altar of Fedhas.
   978 | D:2      | Reached skill level 6 in Short Blades
  1035 | D:2      | Found a radiant altar of Vehumet.
  1197 | D:2      | Found a basalt altar of Yredelemnul.
  1381 | D:2      | Found a shattered altar of Ashenzari.
  1382 | D:2      | Found a shadowy altar of Dithmenos.
  1389 | D:2      | Reached XP level 5. HP: 19/30 MP: 9/9
  1996 | D:3      | Found a stormy altar of Qazlal.
  2310 | D:3      | Reached skill level 7 in Short Blades
  2425 | D:3      | Found a burning altar of Makhleb.
  2672 | D:4      | Found a runed door.
  2675 | D:4      | Found Thrienuilo's Book Shop.
  3054 | D:4      | Reached XP level 6. HP: 31/35 MP: 10/10
  3120 | D:4      | Found a deep blue altar of Sif Muna.
  3419 | D:4      | Reached skill level 8 in Short Blades
  3681 | D:5      | Entered Level 5 of the Dungeon
  4007 | D:5      | Noticed a sky beast
  4019 | D:5      | Killed a sky beast
  4019 | D:5      | Reached skill level 9 in Short Blades
  4019 | D:5      | Reached XP level 7. HP: 25/40 MP: 12/12
  4211 | D:5      | Found a glowing golden altar of the Shining One.
  4241 | D:5      | Reached skill level 10 in Short Blades
  4314 | D:5      | Reached XP level 8. HP: 17/44 MP: 13/13
  4316 | D:5      | Reached skill level 11 in Short Blades
  4492 | D:5      | Killed Sorcv's ghost
  4665 | D:5      | Found Yfab's Jewellery Shop.
  4675 | D:5      | Bought a cursed amulet of inaccuracy for 20 gold pieces
  5045 | D:6      | Reached skill level 12 in Short Blades
  5182 | D:6      | Found a staircase to the Ecumenical Temple.
  5196 | D:6      | Found a shattered altar of Ashenzari.
  5257 | D:6      | Reached skill level 1 in Stealth
  5319 | Temple   | Entered the Ecumenical Temple
  5609 | D:2      | Became a worshipper of Dithmenos the Shadowed
  6043 | D:6      | Reached skill level 3 in Fighting
  6078 | D:6      | Reached skill level 3 in Dodging
  6078 | D:6      | Reached skill level 3 in Stealth
  6093 | D:6      | Reached XP level 9. HP: 42/52 MP: 14/14
  6533 | D:7      | Noticed Blork the orc
  6540 | D:7      | Killed Blork the orc
  6809 | D:7      | Reached skill level 6 in Stealth
  7397 | D:7      | Reached skill level 6 in Dodging
  7670 | D:8      | Reached skill level 6 in Fighting
  7670 | D:8      | Reached XP level 10. HP: 53/60 MP: 16/16
  7681 | D:8      | Learned a level 3 spell: Flight
  7685 | D:8      | Learned a level 3 spell: Spectral Weapon
  7828 | D:8      | Found Nimmio Broch's Jewellery Boutique.
  8066 | D:8      | Noticed Pikel
  8099 | D:8      | Found a sacrificial altar of Ru.
  8227 | D:8      | Killed Pikel
  8321 | D:8      | Reached skill level 9 in Stealth
  8334 | D:8      | Found an ancient bone altar of Kikubaaqudgha.
  8379 | D:8      | Found a staircase to the Lair.
  8412 | D:8      | Found an iron altar of Okawaru.
  9281 | D:9      | Reached skill level 9 in Dodging
  9455 | D:9      | Acquired Dithmenos' first power
  9485 | D:9      | Reached skill level 3 in Spellcasting
  9485 | D:9      | Reached skill level 3 in Charms
  9552 | D:9      | Reached XP level 11. HP: 27/67 MP: 18/20
 10404 | D:9      | HP: 9/67 [orc warrior/broad axe (24)]
 10726 | D:10     | Entered Level 10 of the Dungeon
 10874 | D:10     | Noticed McCoppin's ghost (powerful OpAs)
 11094 | D:10     | Noticed a five-headed hydra
 11120 | D:10     | Killed a five-headed hydra
 11573 | D:10     | Noticed a hill giant
 11586 | D:10     | Killed a hill giant
 11586 | D:10     | Reached skill level 6 in Spellcasting
 11769 | D:10     | Reached skill level 6 in Charms
 11884 | D:9      | Acquired Dithmenos' second power
 12039 | D:10     | Noticed a hill giant
 12062 | D:10     | Killed a hill giant
 12104 | D:10     | Found a staircase to the Orcish Mines.
 12296 | D:10     | Noticed a hill giant
 12321 | D:10     | Killed a hill giant
 12601 | D:11     | Noticed a brown ugly thing
 12607 | D:11     | Killed a brown ugly thing
 12771 | D:11     | Reached skill level 1 in Evocations
 12771 | D:11     | Reached XP level 12. HP: 72/72 MP: 27/27
 12866 | D:11     | Reached skill level 1 in Crossbows
 13154 | D:11     | Reached skill level 3 in Evocations
 13423 | D:10     | Killed McCoppin's ghost
 13423 | D:10     | Reached skill level 3 in Crossbows
 13979 | D:5      | Bought an uncursed ring of poison resistance for 200 gold pieces
 14194 | Lair:1   | Entered Level 1 of the Lair of Beasts
 14196 | Lair:1   | Acquired Dithmenos' third power
 14608 | Lair:1   | Reached skill level 6 in Evocations
 14873 | Lair:1   | Reached XP level 13. HP: 76/76 MP: 28/28
 15826 | Lair:2   | Found a dark tunnel.
 15832 | Volcano  | Entered a volcano
 15833 | Volcano  | Noticed Zapata's ghost (powerful KoBe)
 16152 | Lair:2   | Reached skill level 12 in Crossbows
 16171 | Lair:2   | Reached skill level 1 in Invocations
 16256 | Lair:2   | Reached skill level 3 in Invocations
 16325 | Lair:2   | Acquired Dithmenos' fourth power
 17558 | Lair:3   | Reached XP level 14. HP: 82/82 MP: 29/29
 17706 | Lair:3   | Found a frozen archway.
 17804 | IceCv    | Entered an ice cave
 17841 | IceCv    | HP: 16/82 [yak (10)]
 18177 | IceCv    | Reached skill level 13 in Short Blades
 18191 | IceCv    | Reached skill level 6 in Invocations
 18757 | IceCv    | Noticed a frost giant
 19535 | IceCv    | Reached skill level 14 in Short Blades
 19949 | IceCv    | HP: 10/82 [frost giant/battleaxe of freezing (29)]
 19951 | IceCv    | Killed a frost giant
 20437 | Lair:3   | Got a brightly glowing dagger
 20438 | Lair:3   | Identified the +10 dagger of Patterns {freeze, Dex+4 SInv} (You found it on level 3 of the Lair of Beasts)
 20931 | Lair:3   | Reached skill level 15 in Short Blades
 21140 | Lair:4   | Reached skill level 1 in Hexes
 21140 | Lair:4   | Reached skill level 1 in Air Magic
 21142 | Lair:4   | Reached skill level 1 in Necromancy
 21985 | Lair:5   | Found a staircase to the Swamp.
 22116 | Lair:5   | Found a hole to the Spider Nest.
 22145 | Lair:5   | Reached skill level 3 in Hexes
 22149 | Lair:5   | Reached skill level 3 in Air Magic
 22250 | Lair:5   | Reached skill level 3 in Necromancy
 22673 | Lair:5   | Reached XP level 15. HP: 86/86 MP: 29/29
 23461 | Lair:6   | Noticed Maud
 23489 | Lair:6   | Killed Maud
 24053 | Lair:7   | Noticed Harold
 24617 | Lair:8   | Entered Level 8 of the Lair of Beasts
 24671 | Lair:8   | Found a staircase to the Slime Pits.
 24673 | Lair:8   | Found a viscous altar of Jiyva.
 25745 | Lair:8   | Found a burning altar of Makhleb.
 26821 | Lair:8   | Found a gateway to Hell.
 26897 | Lair:8   | Reached skill level 9 in Spellcasting
 26997 | Lair:7   | Killed Harold
 27534 | D:4      | Bought a book of Enchantments for 650 gold pieces
 27541 | D:4      | Learned a level 6 spell: Haste
 27545 | D:4      | Learned a level 3 spell: Tukima's Dance
 27755 | Orc:1    | Entered Level 1 of the Orcish Mines
 27982 | Orc:1    | Reached skill level 9 in Charms
 28720 | Orc:2    | Found a roughly hewn altar of Beogh.
 29246 | Orc:1    | Reached XP level 16. HP: 68/92 MP: 32/32
 30677 | Orc:4    | Entered Level 4 of the Orcish Mines
 30719 | Orc:4    | Found Phit's Armour Boutique.
 30854 | Orc:4    | Noticed Nessos
 30857 | Orc:4    | Killed Nessos
 30982 | Orc:4    | Found a bloodstained altar of Trog.
 30994 | Orc:4    | Found a staircase to the Elven Halls.
 31441 | Orc:4    | Noticed Urug
 31592 | Orc:4    | Killed Urug
 32808 | Orc:4    | Found Lymaom's Food Emporium.
 32808 | Orc:4    | Found Rosap's General Store.
 32808 | Orc:4    | Found Uwnuew's Food Shoppe.
 32809 | Orc:4    | Found Craomp's Food Emporium.
 34043 | Spider:1 | Entered Level 1 of the Spider Nest
 35113 | Spider:1 | Noticed Agnes
 35120 | Spider:1 | Killed Agnes
 35205 | Lair:5   | HP: 18/93 [wolf spider (6)]
 35210 | Lair:5   | HP: 16/93 [wolf spider (4)]
 36025 | Spider:2 | Reached XP level 17. HP: 99/99 MP: 35/35
 36290 | Spider:2 | Noticed Donald
 36307 | Spider:2 | Killed Donald
 36478 | Spider:2 | Reached skill level 9 in Fighting
 38266 | Spider:4 | Got a crude ring mail
 38277 | Spider:4 | Identified the cursed -5 ring mail of the Hippo {Regen+} (You found it on level 4 of the Spider Nest)
 38805 | Spider:5 | Entered Level 5 of the Spider Nest
 38945 | Spider:4 | Reached skill level 12 in Spellcasting
 40619 | Spider:5 | Reached skill level 12 in Charms
 40652 | Spider:5 | HP: 15/104 [emperor scorpion (19)]
 40787 | Spider:5 | Reached XP level 18. HP: 110/110 MP: 34/37
 40970 | Spider:5 | Blown up by an orb spider

Vault maps used:
D:1:      dpeg_arrival_subterranean_lakeside_camping
D:2:      lemuel_crystal_altar, fedhas_altar_fruit_tree, lemuel_crystal_altar,
          grunt_temple_overflow_open, serial_forest, infiniplex_forest_lined_3,
          infiniplex_forest_clump_diagonal, infiniplex_forest_zigzag_1,
          infiniplex_forest_end_2, infiniplex_forest_clump_diagonal,
          infiniplex_forest_corner_1, infiniplex_forest_split, uniq_robin
D:3:      lightli_temple_of_fire, old_standard_altar
D:4:      kennysheep_mini_moat, serial_shops, shop, hangedman_jelly_panic
D:5:      overflow_temple_1_default, serial_shops, shop, first_bread,
          lemuel_flame_loot_1
D:6:      minmay_temple_entry_water_ring, grunt_ministairs_14, ashenzari_altar_1
D:7:      uniq_blork_the_orc
D:8:      lemuel_zombie_altar_kikubaaqudgha, kennysheep_mini,
          nicolae_ru_awakened_eye, lair_0_dummy, serial_shops,
          nicolae_shop_waterfront, uniq_pikel
D:9:      grunt_pizzeria, hangedman_misty_isle
D:10:     david_orc_4
D:11:     special_room
Temple:   nicolae_temple_great_sept
Lair:2:   enter_volcano_2, zaba_anthell
Lair:3:   portal_ice_cave_entry_pillars_01
Lair:4:   infiniplex_staircase_pool_2, serial_bayou_shore_a
Lair:5:   swamp_mist_pool, spider_nest_entry_a, beast_lair_carwin_1
Lair:6:   wad_woods_road_01, grunt_megastairs_3, uniq_maud
Lair:7:   kennysheep_abandoned_house, uniq_harold
Lair:8:   evil_forest, slime_altar_1, lemuel_fruit_tree
Spider:1: hangedman_spider_mandibles, uniq_agnes
Spider:2: uniq_donald
Spider:3: nicolae_orb_stairs
Spider:4: spider_trap
Spider:5: grunt_spider_rune_parallel, nicolae_spider_webs_and_nodes
Orc:1:    nicolae_orc_rich_vein
Orc:2:    special_room
Orc:3:    nicolae_orc_pool_cavern
Orc:4:    st_orc_pillars, serial_shops, nicolae_shop_stone, basic_altar,
          uniq_urug, uniq_nessos
IceCv:    ice_cave_small_giant
Volcano:  volcano_caves

Action                   |  1- 3 |  4- 6 |  7- 9 | 10-12 | 13-15 | 16-18 || total
-------------------------+-------+-------+-------+-------+-------+-------++-------
Melee: Short sword       |    95 |   138 |   241 |   441 |   699 |       ||  1614
       Rapier            |       |    62 |    60 |   217 |    81 |       ||   420
       Dagger            |       |       |       |       |   821 |  1383 ||  2204
 Fire: Triple crossbow   |       |       |       |     4 |     9 |    30 ||    43
Throw: Stone             |       |       |     8 |    18 |       |       ||    26
 Cast: Flight            |       |       |       |       |     4 |     1 ||     5
       Regeneration      |       |       |       |       |     5 |   108 ||   113
       Haste             |       |       |       |       |       |     5 ||     5
       Song of Slaying   |       |       |       |       |       |     1 ||     1
Invok: Shadow Step       |       |       |       |     1 |     1 |     1 ||     3
       Shadow Form       |       |       |       |       |       |     1 ||     1
 Abil: Evoke Berserk Rag |       |       |       |       |     6 |    13 ||    19
  Use: Scroll            |       |       |       |    25 |     9 |     7 ||    41
       Potion            |       |       |       |     2 |     5 |     5 ||    12
 Stab: Sleeping          |       |     1 |     9 |    14 |    96 |    92 ||   212
       Distracted        |       |       |       |     6 |    14 |    17 ||    37
       Fleeing           |       |       |       |     1 |     2 |       ||     3
  Eat: Chunk             |     4 |    12 |    11 |    24 |    41 |    52 ||   144
       Pizza             |       |       |       |       |     2 |       ||     2
       Meat ration       |       |       |       |       |       |     1 ||     1
